 Dungeon Crawl Stone Soup version 0.21.1-1-g345015f (webtiles) character file.

29 letownia2 the Conjurer (level 3, -3/19 HPs)
             Began as a Tengu Air Elementalist on Mar 4, 2018.
             Killed from afar by an orc wizard (7 damage)
             ... with a magic dart
             ... on level 4 of the Dungeon.
             The game lasted 00:03:01 (485 turns).

letownia2 the Conjurer (Tengu Air Elementalist)      Turns: 485, Time: 00:03:02

Health: -3/19      AC:  2    Str:  8    XL:     3   Next: 16%
Magic:  5/7        EV: 12    Int: 16    God:
Gold:   71         SH:  0    Dex: 14    Spells: 5/6 levels left

rFire    . . .     SeeInvis .   i - +0 short sword
rCold    . . .     Gourm    .   (no shield)
rNeg     . . .     Faith    .   a - +0 robe
rPois    .         Spirit   .   (helmet restricted)
rElec    .         Reflect  .   (no cloak)
rCorr    .         Harm     .   (no gloves)
MR       .....                  (boots unavailable)
Stlth    ++........             (no amulet)
HPRegen  0.06/turn              (no ring)
MPRegen  0.10/turn              (no ring)

@: no status effects
A: beak, talons 3
a: no special abilities


You were on level 4 of the Dungeon.
You were not hungry.

You visited 1 branch of the dungeon, and saw 4 of its levels.

You collected 71 gold pieces.

Inventory:

Hand Weapons
 f - a +1 hunting sling of velocity
 i - a +0 short sword (weapon)
Armour
 a - a +0 robe (worn)
Wands
 m - a wand of iceblast (6)
Scrolls
 e - 2 scrolls of remove curse {unknown}
 h - a scroll of enchant armour {unknown}
 j - 3 scrolls of teleportation {unknown}
 l - a scroll of amnesia {unknown}
Potions
 d - 2 potions of curing {unknown}
 g - a potion of degeneration {unknown}
 k - a potion of heal wounds {unknown}
Books
 b - a book of Air

   Spells                             Type                      Level
   a - Shock                          Conjuration/Air              1
   b - Swiftness                      Charms/Air                   2
   c - Static Discharge               Conjuration/Air              3
   d - Airstrike                      Air                          4
   e - Lightning Bolt                 Conjuration/Air              5
Comestibles
 c - a ration


   Skills:
 - Level 2.1 Dodging
 - Level 2.0 Stealth
 - Level 2.0 Spellcasting
 + Level 4.1 Conjurations
 - Level 4.0 Air Magic


You had 5 spell levels left.
You knew the following spells:

 Your Spells              Type           Power        Failure   Level  Hunger
a - Shock                 Conj/Air       ##..         4%          1    #......


Dungeon Overview and Level Annotations

Branches:
Dungeon (4/15)
 Temple: D:4-7

Altars:
Nemelex Xobeh

Annotations:
D:2 Terence
D:3 Ijyb


Innate Abilities, Weirdness & Mutations

You have a beak for a mouth.
You have claws for feet.


Message History

Your Conjurations skill increases to level 4!
You have reached level 3!
Your experience leads to an increase in your attributes!
Increase (S)trength, (I)ntelligence, or (D)exterity?
You feel clever.
An orc comes into view. It is wielding a whip.
Found an iridescent hand axe.
An orc wizard comes into view. It is wielding a dagger.
The orc wizard shouts!
You hear a shout! x3
Your magical contamination has completely faded away.
The orc wizard gestures at you while chanting.
The magic dart hits you!
* * * LOW HITPOINT WARNING * * *
Unknown command.
There is a stone staircase leading up here.
You see here a mace.
You see here a leopard gecko corpse.
The orc wizard points at you and mumbles some strange words.
The magic dart hits you!
You die...

#.# #.# #o#
##.# #.<#
###)## #.†.#
#.### . #@#
... #.#
.....#####.#
#.......##
######...#
#...# #...#
#...# #####


You could see an orc wizard.

Vanquished Creatures
  A hound skeleton (D:4)
  2 leopard geckos
  3 giant cockroaches
  2 goblins (D:3)
  A jackal (D:1)
  A kobold (D:3)
  3 frilled lizards
  2 rats (D:3)
15 creatures vanquished.

Notes
Turn   | Place    | Note
-------+----------+-------------------------------------------
     0 | D:1      | letownia2 the Tengu Air Elementalist began the quest for the Orb.
     0 | D:1      | Reached XP level 1. HP: 10/10 MP: 4/4
    80 | D:2      | Noticed Terence
   242 | D:3      | Found a sparkling altar of Nemelex Xobeh.
   247 | D:3      | Reached XP level 2. HP: 15/15 MP: 1/6
   325 | D:3      | Noticed Ijyb
   439 | D:4      | Reached XP level 3. HP: 9/19 MP: 0/7
   485 | D:4      | Killed from afar by an orc wizard

Skill      XL: |  1  2 |
---------------+-------+-----
Conjurations   | 2 4 |  4.1
Dodging        | |  2.1
Stealth        | |  2.0
Spellcasting   | |  2.0
Air Magic      | |  4.0

Action                   || total
-------------------------++-------
Melee: Unarmed           ||    13
       Peck              ||     2
       Kick              ||     1
 Cast: Shock             ||    28
 Stab: Sleeping          ||     1
Armor: Robe              ||     5
Dodge: Dodged            ||    20
